 Dungeon Crawl Stone Soup version 0.31.0-11-ge490571c62 (webtiles) character file.

Game seed: 15655738162841930890

12882 Silvore the Carver (level 11, 0/87 HPs)
             Began as a Demonspawn Fighter on Feb 9, 2024.
             Was a High Priest of Okawaru.
             Slain by an 11-headed hydra (8 damage)
             ... on level 10 of the Dungeon.
             The game lasted 00:21:49 (12736 turns).

Silvore the Carver (Demonspawn Fighter)            Turns: 12736, Time: 00:21:50

Health: 0/87       AC: 29    Str: 26    XL:     11   Next: 68%
Magic:  0/12       EV:  8    Int:  9    God:    Okawaru [*****.]
Gold:   635        SH:  8    Dex: 13    Spells: 10/10 levels left

rFire   . . .        w - +2 long sword (protect)
rCold   . . .        g - +2 buckler
rNeg    + . .        s - +0 plate armour
rPois   .            A - +0 helmet
rElec   .            B - +2 cloak
rCorr   .            (no gloves)
SInv    .            (no boots)
Will    .....        r - amulet of faith Stlth
                     e - ring of positive energy
HPRegen 0.34/turn    j - +6 ring of strength
MPRegen 0.26/turn

%: guardian spirit, faith
@: under a protective aura
A: hooves 2, slimy green scales 2, magic shield, magic regeneration
a: Renounce Religion, Heroism, Finesse, Duel


You were on level 10 of the Dungeon.
You worshipped Okawaru.
Okawaru was extremely pleased with you.
You visited 2 branches of the dungeon, and saw 12 of its levels.

You collected 635 gold pieces.

Inventory:

Hand Weapons
 a - a +1 long sword of flaming
 w - a +2 long sword of protection (weapon)
Missiles
 q - 2 curare-tipped darts (quivered)
Armour
 b - a +0 scale mail
 c - a +0 buckler
 g - a +2 buckler (worn)
 h - a scarf of shadows
 s - a +0 plate armour (worn)
 A - a +0 helmet (worn)
 B - a +2 cloak (worn)
 I - +0 steam dragon scales
Jewellery
 e - a ring of positive energy (left hand)
 j - a +6 ring of strength (right hand)
 r - an amulet of faith (around neck)
 x - a ring of fire
 H - the amulet of Ephemeral Luck {Acrobat rC+ Slay+2}
   (You found it on level 11 of the Dungeon)

   [amulet of the acrobat]

   Acrobat:   It increases your evasion while moving and waiting.
   Slay+2:    It affects your accuracy & damage with ranged weapons and melee
   (+2).
   rC+:       It protects you from cold.
Wands
 d - a wand of flame (60)
 i - a wand of iceblast (20)
 y - a wand of paralysis (18)
Scrolls
 l - 2 scrolls of vulnerability
 o - 2 scrolls of teleportation
 p - 2 scrolls of enchant weapon
 z - 2 scrolls of poison
 C - a scroll of amnesia
 D - a scroll of brand weapon
 F - a scroll of fog
 J - a scroll of identify
Potions
 f - 3 potions of berserk rage
 k - a potion of haste
 m - a potion of lignification
 n - 4 potions of brilliance
 t - a potion of mutation
 u - a potion of invisibility
 v - 2 potions of curing
 E - 2 potions of attraction
 G - a potion of enlightenment


   Skills:
 + Level 8.8 Fighting
 + Level 10.6 Long Blades
 + Level 9.3 Armour
 + Level 2.9 Dodging
 + Level 1.2 Stealth
 + Level 7.4 Shields
 + Level 1.6 Invocations


You had 10 spell levels left.
You didn't know any spells.
Your spell library contained the following spells:

 Spells                   Type           Power      Damage    Failure   Level
 Static Discharge         Conj/Air       0%         3-3/arc   100%        2
 Inner Flame              Hex/Fire       0%         N/A       100%        3
 Airstrike                Air            0%         2d(0-16)  100%        4
 Flame Wave               Conj/Fire      0%         2d4       100%        4
 Sticky Flame             Fire/Alch      0%         2d4       100%        4
 Summon Lightning Spire   Summ/Air       Unusable   N/A       N/A         4

Dungeon Overview and Level Annotations

Branches:
Dungeon (11/15)            Temple (1/1) D:7            Lair (0/5) D:11
    Orc (0/2) D:11

Altars:
Ashenzari
Cheibriados
Dithmenos
Fedhas
Gozag
Hepliaklqana
Kikubaaqudgha
Makhleb
Nemelex Xobeh
Okawaru
Qazlal
Ru
Sif Muna
Trog
Uskayaw
Vehumet
Wu Jian
Xom
Yredelemnul

Shops:
D:4 (   D:9 (   D:10 [

Annotations:
D:1 2 transporters


Innate Abilities, Weirdness & Mutations

You have hoof-like feet.
You are mostly covered in slimy green scales. (AC +3)
When hurt, damage is shared between your health and your magic reserves.
You regenerate magic rapidly.


Message History

The eight-headed hydra bites you.
The eight-headed hydra bites you but does no damage. x3
The eight-headed hydra barely misses you.
The eight-headed hydra bites you but does no damage.
You slice one of the eight-headed hydra's heads off!
The seven-headed hydra grows two more!
You slash the nine-headed hydra!
The nine-headed hydra is lightly wounded.
You block the nine-headed hydra's attack.
The nine-headed hydra bites you but does no damage. x2
The nine-headed hydra barely misses you.
The nine-headed hydra bites you.
The nine-headed hydra bites you but does no damage.
You block the nine-headed hydra's attack.
The nine-headed hydra bites you but does no damage. x2
You lop one of the nine-headed hydra's heads off!
The eight-headed hydra grows two more!
You hit the ten-headed hydra. You kick the ten-headed hydra!
The ten-headed hydra is lightly wounded.
The ten-headed hydra barely misses you.
The ten-headed hydra bites you but does no damage.
You block the ten-headed hydra's attack.
The ten-headed hydra bites you. The ten-headed hydra barely misses you.
The ten-headed hydra bites you!
* * * LOW HITPOINT WARNING * * *
You block the ten-headed hydra's attack.
The ten-headed hydra completely misses you.
The ten-headed hydra bites you but does no damage. x2
You lop one of the ten-headed hydra's heads off!
The nine-headed hydra grows two more!
You slash the 11-headed hydra! You kick the 11-headed hydra!
The 11-headed hydra is moderately wounded.
You block the 11-headed hydra's attack. The 11-headed hydra bites you!
* * * LOW HITPOINT WARNING * * *
The 11-headed hydra bites you but does no damage.
The 11-headed hydra completely misses you.
The 11-headed hydra bites you but does no damage.
The 11-headed hydra bites you!
* * * LOW HITPOINT WARNING * * *
The 11-headed hydra bites you!
You die...

##########.#.######
##...## #.........
##.....##
####.#####
#.......# #.## #.
#.......# #..# #.
#.......# ##.###.
##.....## ###.##..
##.D...## #......#
#...@...## #......#
#........# #.......
#........# #......#
##.....#.#
##.....## ##...##.#
#......#
######.####......#
#....#......#
#....#..#####
#.......#


You could see a 11-headed hydra.

Vanquished Creatures
  A centaur warrior (D:10)
  2 boulder beetles (D:10)
  A soul eater (D:10)
  Pikel (D:7)
  A cyclops (D:10)
  A manticore (D:11)
  Maurice (D:7)
  Joseph (D:8)
  A smoke demon (D:10)
  An orange demon (D:10)
  An unseen horror (D:10)
  A yaktaur (D:10)
  2 red devils (D:10)
  2 shadows
  2 vampires (D:9)
  14 yaks
  5 wyverns
  An acid dragon (D:11)
  3 water moccasins (D:10)
  4 orc warriors
  2 black bears (D:6)
  3 ice beasts (D:7)
  2 ogres
  A phantom (D:5)
  A centaur (D:9)
  A lemure (D:7)
  2 kobold brigands
  A bullfrog (D:9)
  2 scorpions
  A gnoll sergeant (D:11)
  7 wights
  3 killer bees (D:11)
  An electric eel (D:8)
  2 howler monkeys
  A centaur zombie (D:7)
  4 quasits (D:10)
  8 orc priests
  A bombardier beetle (D:4)
  13 hounds
  A gnoll bouda (D:7)
  Jessica (D:3)
  2 iguanas
  2 orc wizards
  A killer bee zombie (D:7)
  2 ogre zombies (D:7)
  A mummy (D:7)
  10 gnolls
  5 adders
  A white imp (D:4)
  6 ufetubi
  3 dart slugs
  2 ribbon worms
  26 orcs
  9 ball pythons
  9 endoplasms
  2 giant cockroaches (D:2)
  4 goblins
  6 hobgoblins
  2 quokkas
  4 bats
  4 kobolds
  4 rats
209 creatures vanquished.

Notes
Turn   | Place    | Note
-------+----------+-------------------------------------------
     0 | D:1      | Silvore the Demonspawn Fighter began the quest for the Orb.
     0 | D:1      | Reached XP level 1. HP: 18/18 MP: 1/1
    65 | D:1      | Noticed a golden eye
    67 | D:1      | Found a faded altar of an unknown god.
    69 | D:1      | Noticed a glass eye
    69 | D:1      | Noticed a golden eye
    69 | D:1      | Noticed a golden eye
   264 | D:1      | Gained mutation: You regenerate magic rapidly. [demonic
                  | ancestry]
   264 | D:1      | Reached XP level 2. HP: 23/24 MP: 2/2
   740 | D:2      | Reached skill level 2 in Long Blades
   741 | D:2      | Identified a scroll of acquirement
   741 | D:2      | Acquired a scarf of shadows
   787 | D:2      | Gained mutation: You are partially covered in slimy green
                  | scales. (AC +2) [demonic ancestry]
   787 | D:2      | Reached XP level 3. HP: 16/29 MP: 3/3
  1383 | D:3      | Found a broken altar of Ashenzari.
  1561 | D:3      | Noticed Jessica
  1572 | D:3      | Killed Jessica
  1573 | D:3      | Gained mutation: You have large cloven feet. [demonic
                  | ancestry]
  1573 | D:3      | Reached XP level 4. HP: 19/35 MP: 4/4
  1656 | D:3      | Noticed a scorpion
  1663 | D:3      | Killed a scorpion
  1664 | D:3      | Reached skill level 3 in Long Blades
  1664 | D:3      | Reached XP level 5. HP: 42/42 MP: 5/5
  1698 | D:3      | Reached skill level 1 in Dodging
  1722 | D:3      | Found a sparkling altar of Nemelex Xobeh.
  2366 | D:4      | Reached XP level 6. HP: 48/48 MP: 6/6
  2377 | D:4      | Found a burning altar of Makhleb.
  2378 | D:4      | Noticed an angel
  2378 | D:4      | Noticed a green death
  2480 | D:4      | Found a shadowy altar of Dithmenos.
  2669 | D:4      | Found Quoridghi's Weapon Shop.
  2809 | D:5      | Entered Level 5 of the Dungeon
  2837 | D:5      | Reached skill level 4 in Long Blades
  2981 | D:5      | Gained mutation: You are mostly covered in slimy green
                  | scales. (AC +3) [demonic ancestry]
  2981 | D:5      | Reached XP level 7. HP: 32/55 MP: 7/7
  3250 | D:5      | Reached skill level 5 in Long Blades
  3924 | D:6      | Reached skill level 5 in Fighting
  3990 | D:6      | Reached XP level 8. HP: 59/62 MP: 8/8
  4034 | D:6      | Reached skill level 5 in Armour
  4042 | D:6      | Found a bloodstained altar of Trog.
  4307 | D:6      | Found a snail-covered altar of Cheibriados.
  4357 | D:6      | Reached skill level 6 in Long Blades
  5072 | D:7      | Found a staircase to the Ecumenical Temple.
  5094 | Temple   | Entered the Ecumenical Temple
  5099 | Temple   | Became a worshipper of Warmaster Okawaru
  5506 | D:7      | Gained mutation: You have hoof-like feet. [demonic
                  | ancestry]
  5506 | D:7      | Reached XP level 9. HP: 69/69 MP: 9/9
  5530 | D:7      | Identified the +1 robe of the Endless Expanse {*Corrode
                  | rElec Int+3 Archmagi}
  5625 | D:7      | Found a blossoming altar of Fedhas.
  5895 | D:7      | Reached skill level 7 in Long Blades
  5906 | D:7      | Reached * piety under Okawaru
  6107 | D:8      | Noticed Pikel
  6295 | D:7      | Killed Pikel
  6296 | D:7      | Reached skill level 1 in Stealth
  6553 | D:8      | Reached skill level 5 in Shields
  6561 | D:8      | Noticed Maurice
  6570 | D:8      | Something stole a ring of fire
  6571 | D:8      | Paralysed by something for 4 turns
  6572 | D:8      | Something stole a +1 long sword of flaming
  6595 | D:8      | Paralysed by something for 5 turns
  6600 | D:8      | Something stole a +0 buckler
  6609 | D:7      | Something stole 164 gold
  6623 | D:7      | Paralysed by something for 5 turns
  6636 | D:7      | Paralysed by something for 5 turns
  6639 | D:7      | Something stole 246 gold
  6644 | D:7      | Paralysed by something for 5 turns
  6678 | D:7      | Killed Maurice
  6678 | D:7      | Reached ** piety under Okawaru
  6896 | D:8      | Noticed Joseph
  6920 | D:8      | Killed Joseph
  6921 | D:8      | Reached skill level 8 in Long Blades
  7088 | D:8      | Found an opulent altar of Gozag.
  7094 | D:8      | Found a hazy altar of Hepliaklqana.
  7608 | D:9      | Found a stormy altar of Qazlal.
  7687 | D:9      | Identified the +10 shortbow "Jydoel" {flame, rN+}
  7752 | D:9      | Reached *** piety under Okawaru
  7753 | D:9      | Gained mutation: When hurt, damage is shared between your
                  | health and your magic reserves. [demonic ancestry]
  7753 | D:9      | Reached XP level 10. HP: 71/77 MP: 10/10
  8298 | D:9      | Found Soeren's Antique Weapon Boutique.
  8439 | D:10     | Entered Level 10 of the Dungeon
  8502 | D:10     | Found Geacsahu's Antique Armour Emporium.
  8970 | D:10     | Reached **** piety under Okawaru
  8971 | D:10     | Reached skill level 9 in Long Blades
  9218 | D:10     | Noticed an orange demon
  9218 | D:10     | Noticed a smoke demon
  9250 | D:10     | Killed an orange demon
  9253 | D:10     | Killed a smoke demon
  9558 | D:10     | Noticed a soul eater
  9577 | D:10     | Killed a soul eater
  9592 | D:10     | Reached ***** piety under Okawaru
  9918 | D:11     | Found a staircase to the Lair.
  9919 | D:11     | Noticed a boulder beetle
  9963 | D:10     | Reached XP level 11. HP: 33/86 MP: 9/11
 10137 | D:10     | Reached skill level 1 in Invocations
 10208 | D:10     | Killed a boulder beetle
 10603 | D:10     | Reached skill level 10 in Long Blades
 11584 | D:11     | Noticed a centaur warrior
 11592 | D:11     | Noticed a seven-headed hydra
 11869 | D:10     | Killed a centaur warrior
 11869 | D:10     | Received a gift from Okawaru
 11944 | D:11     | Noticed a boulder beetle
 12216 | D:10     | Killed a boulder beetle
 12284 | D:11     | Identified the amulet of Ephemeral Luck {Acrobat rC+
                  | Slay+2}
 12620 | D:11     | Found a staircase to the Orcish Mines.
 12653 | D:11     | Received a gift from Okawaru
 12736 | D:10     | Slain by an 11-headed hydra

Illustrated notes

Levels and vault maps discovered:
D:1:      spicycebolla_arrival_transporter_tutorial, layout_basic,
          hellmonk_ecumenical_altar_watching_god
D:2:      layout_loops_ring, minmay_misc_feat_plants, minmay_misc_feat_roman,
          minmay_indecisive_spiral
D:3:      layout_loops_ring, cheibrodos_ashenzari_chains,
          mainiacjoe_overflow_cross_hatched, hangedman_glass_teeth,
          kennysheep_jessica_study
D:4:      layout_basic, grunt_temple_overflow_order_and_chaos_2,
          nicolae_dithmenos_shadow_blocks, serial_shops, shop, corner_web_ring
D:5:      layout_basic, moated_statue
D:6:      layout_basic, mainiacjoe_overflow_brackets,
          mainiacjoe_overflow_small_starburst, interstate_on_off
D:7:      layout_basic, mainiacjoe_overflow_six_doors_small,
          minmay_temple_entry_large_hall, minmay_mini_ossuary
D:8:      nicolae_cairo_tiling_large_dashed, layout_loops_ring,
          nicolae_overflow_squiral, kennysheep_generic_room_3, uniq_pikel,
          uniq_maurice, uniq_joseph
D:9:      layout_loops_corners, nicolae_qazlal_scattered_showers, serial_shops,
          nicolae_square_shop, solitary_fountain
D:10:     layout_rooms, serial_shops, shop, serial_demonic, serial_demonic_e,
          serial_demonic_f, serial_demonic_f, serial_demonic_b
D:11:     layout_roguey, minmay_lair_entry_grove,
          kennysheep_orc_monster_closet_entryway, minmay_radiant
Temple:   hellmonk_temple_of_storms

Skill      XL: |  1  2  3  4  5  6  7  8  9 10 11 |
---------------+----------------------------------+-----
Long Blades    | 2 3 4 5 6 8 9 10 | 10.6
Armour         | 3 4 6 7 8 9 |  9.3
Shields        | 3 4 5 6 7 |  7.4
Dodging        | 1 2 |  2.9
Fighting       | 4 5 6 7 8 |  8.8
Stealth        | 1 |  1.2
Invocations    | 1 |  1.6

Action                     |  1- 3 |  4- 6 |  7- 9 | 10-12 || total
---------------------------+-------+-------+-------+-------++-------
  Melee: Long sword        |   145 |   110 |   383 |   502 ||  1140
         Kick              |       |    35 |    91 |   202 ||   328
 Invoke: Heroism           |       |       |       |     2 ||     2
    Use: Scroll            |     8 |     7 |     6 |     9 ||    30
         Potion            |     1 |     1 |     2 |     9 ||    13
 Armour: Scale mail        |   131 |    68 |     3 |       ||   202
         Plate armour      |       |       |   429 |   682 ||  1111
  Dodge: Dodged            |    85 |    50 |   162 |   133 ||   430
  Block: Buckler           |    35 |    27 |   141 |   211 ||   414
